 Dungeon Crawl Stone Soup version 0.16.1-5-gaa23807 (console) character file.

977 Monkaria the Skirmisher (level 7, -4/72 HPs)
             Began as a Deep Dwarf Fighter on Mar 28, 2015.
             Slain by Pikel
             ... wielding a +2 whip of electrocution
              (18 damage)
             ... on level 4 of the Dungeon.
             The game lasted 00:08:08 (3634 turns).

Monkaria the Skirmisher (Deep Dwarf Fighter)        Turns: 3634, Time: 00:08:09

Health: -4/72      AC: 12    Str: 20    XL:     7   Next: 95%
Magic:  4/4        EV:  7    Int:  9    God:
Gold:   213        SH:  9    Dex: 13    Spells: 0 memorised, 6 levels left

rFire  + . .     SeeInvis .     a - +0 war axe
rCold  . . .     Clarity  .     b - +0 scale mail
rNeg   . . .     SustAb   .     c - +0 shield
rPois  .         Gourm    .     z - +1 helmet
rElec  .         Spirit   .     D - +2 cloak
rCorr  .         Warding  .     (no gloves)
rMut   .         Stasis   .     (no boots)
MR     +....                    (no amulet)
Stlth  ..........               (no ring)
                                v - ring of protection from fire

@: non-regenerating, somewhat resistant to hostile enchantments, extremely
unstealthy
A: damage resistance, recharge devices, sense surroundings 1, slow healing 3
a: Device Recharging


You were on level 4 of the Dungeon.
You were not hungry.

You visited 1 branch of the dungeon, and saw 5 of its levels.

You collected 213 gold pieces.

Inventory:

Hand weapons
 a - a +0 war axe (weapon)
 y - a +0 blowgun
Missiles
 n - 35 poisoned needles
Armour
 b - a +0 scale mail (worn)
 c - a +0 shield (worn)
 z - a +1 helmet (worn)
 D - a +2 cloak (worn)
Jewellery
 v - a ring of protection from fire (left hand)
Magical devices
 d - a wand of heal wounds (3)
 g - a wand of frost (0)
Scrolls
 h - 3 scrolls of blinking {unknown}
 k - 3 scrolls of identify {unknown}
 m - 2 scrolls of magic mapping {unknown}
 o - 4 scrolls of random uselessness {unknown}
 p - a scroll of enchant weapon {unknown}
 q - a scroll of teleportation {unknown}
 r - 7 scrolls of remove curse {unknown}
 t - a scroll of noise {unknown}
 F - a scroll of enchant armour {unknown}
Potions
 e - 3 potions of might
 j - a potion of lignification {unknown}
 l - 2 potions of heal wounds {unknown}
 s - a potion of magic {unknown}
 u - 2 potions of poison {unknown}
 w - 2 potions of brilliance {unknown}
 x - 3 potions of curing
 A - 2 potions of restore abilities {unknown}
 B - a potion of ambrosia {unknown}
 E - a potion of agility {unknown}
Comestibles
 f - 6 bread rations
 i - a meat ration
 C - a beef jerky
 G - 3 chunks of flesh


   Skills:
 - Level 7.3 Fighting
 + Level 6.2 Axes
 - Level 3.2 Armour
 - Level 3.2 Shields


You had 6 spell levels left.
You didn't know any spells.

Dungeon Overview and Level Annotations

Branches:
Dungeon (5/15)
 Temple: D:4-7

Altars:
Fedhas
Trog

Shops:
D:4 [

Annotations:
D:4 Pikel


Innate Abilities, Weirdness & Mutations

You are resistant to damage.
You can recharge devices by infusing magical energy.
You passively map a small area around you.
You do not heal naturally.


Message History

You block the slave's attack.
You barely miss the slave. You barely miss Pikel.
Pikel hits you with a whip of electrocution.
You hit Pikel but do no damage. Pikel barely misses you.
You barely miss Pikel.
Pikel zaps a wand.
The puff of flame hits you! You resist.
You hit Pikel!
Pikel is moderately wounded.
You block Pikel's attack.
You hit Pikel!
Pikel is severely wounded.
Pikel hits you with a whip of electrocution.
You are electrocuted!
* * * LOW HITPOINT WARNING * * *
Pikel barely misses you.
You closely miss Pikel.
Pikel is severely wounded.
Pikel hits you but does no damage.
You are electrocuted!
You die...

..#####.######....##
...........###.....##
..#####.##.##.....[.#
..# #..#.##......>#
### ####.##.......#
#.###..)..##
♣♣♣♣♣###.# ##pp.##
♣♣♣.♣.♣..#[## ##K##
♣..♣.P......####@#
.♣♣♣♣P...........# ♣♣
♣♣P.....###.##
♣♣###..# #.#
##..###.# #....##.#
#### ###...##.# .#.#
###........# #.##
#..........#


You could see Pikel and 2 slaves.

Vanquished Creatures
  A slave (D:4)
  A phantom (D:4)
  An ogre (D:4)
  The ghost of wanderer1 the Skirmisher, an average GrFi (D:3)
  Sigmund (D:2)
  A giant frog (D:5)
  A jelly (D:3)
  A quasit (D:4)
  Crazy Yiuf (D:4)
  2 orc priests (D:3)
  4 worker ants (D:4)
  5 orc wizards
  A hound skeleton (D:4)
  5 adders
  A shadow imp (D:5)
  A giant mite (D:2)
  5 worms
  A giant gecko (D:3)
  25 orcs
  6 bats
  4 giant cockroaches
  9 goblins
  15 hobgoblins
  4 jackals (D:5)
  8 quokkas
  A ball python (D:1)
  6 giant newts
  7 kobolds
  9 rats
  2 fungi (D:4)
130 creatures vanquished.

Notes
Turn   | Place    | Note
--------------------------------------------------------------
     0 | D:1      | Monkaria, the Deep Dwarf Fighter, began the quest for the Orb.
     0 | D:1      | Reached XP level 1. HP: 20/20 MP: 1/1
   390 | D:1      | Reached XP level 2. HP: 22/28 MP: 2/2
   787 | D:2      | Reached XP level 3. HP: 24/36 MP: 3/3
   815 | D:2      | Reached skill level 4 in Fighting
  1070 | D:2      | Noticed Sigmund
  1154 | D:2      | Killed Sigmund
  1154 | D:2      | Reached skill level 5 in Fighting
  1154 | D:2      | Reached XP level 4. HP: 23/46 MP: 4/4
  1154 | D:2      | Reached XP level 5. HP: 26/52 MP: 5/5
  1520 | D:3      | Found a bloodstained altar of Trog.
  1541 | D:3      | Reached skill level 6 in Fighting
  1544 | D:3      | Reached XP level 6. HP: 49/62 MP: 5/5
  2032 | D:3      | Noticed wanderer1's ghost (average GrFi)
  2052 | D:3      | Killed wanderer1's ghost
  2146 | D:4      | Reached skill level 7 in Fighting
  2260 | D:4      | Reached XP level 7. HP: 36/72 MP: 5/5
  2434 | D:4      | Found a blossoming altar of Fedhas.
  2997 | D:4      | Found Bostao's Armour Boutique.
  3135 | D:4      | Noticed Crazy Yiuf
  3161 | D:4      | Killed Crazy Yiuf
  3161 | D:4      | Reached skill level 5 in Axes
  3228 | D:5      | Entered Level 5 of the Dungeon
  3558 | D:5      | Noticed Pikel
  3634 | D:4      | Slain by Pikel

Action                   |  1- 3 |  4- 6 |  7- 9 || total
-------------------------+-------+-------+-------++-------
Melee: War axe           |   128 |   185 |   166 ||   479
 Fire: Blowgun           |       |       |     2 ||     2
 Abil: Device Recharging |       |     2 |     1 ||     3
Evoke: Wand              |     5 |     5 |     6 ||    16
  Use: Potion            |     1 |       |       ||     1
  Eat: Chunk             |     1 |     4 |     5 ||    10
